[Event "*** Titled Tuesday Blitz"]
[Site "Chess.com"]
[Date "2020.04.07"]
[Round "5"]
[White "severomorskij"]
[Black "Bigfish1995"]
[Result "1-0"]
[WhiteElo "2853"]
[BlackElo "2963"]
[TimeControl "180+1"]
[EndTime "13:57:15 PDT"]
[Termination "severomorskij won on time"]

1. d4 Nf6 2. Bg5 d5 3. e3 Nbd7 4. Nf3 g6 5. c4 Bg7 6. Nc3 dxc4 7. Bxc4 O-O 8. O-O c5 9. Rc1 cxd4 10. Nxd4 Nb6 11.
Bb3 Bd7 12. h3 Rc8 13. Qf3 h6 14. Bxf6 Bxf6 15. Rfd1 Rb8 16. Ne4 Bg7 17. Nc5 Qe8 18. Nxd7 Nxd7 19. Qd5 Nb6 20. Qa5 Nc8 21. Qc7 Nd6 22. Qa5 a6 23. Rc7 Qd8 24. Rdc1 Bxd4 25. exd4 Nb5 26. Qb6 Nxc7 27. Qxg6+ Kh8 28. Qxh6+ Kg8 29.
Qg6+ Kh8 30. Qh6+ Kg8 31. Rc3 Qd6 32. Rg3+ Qxg3 33. fxg3 Ne8 34. Qg5+ Ng7 35. Qxe7 b5 36.
h4 Rbe8 37. Qg5 Re2 38. h5 Kh7 39. Qg4 Re1+ 40. Kh2 Re7 41. Bc2+ Kh8 42. Qg5 Re6 43. d5 Rd6 44. h6 Ne8 45. Qe5+ f6 46. Qe7 1-0

[Event "*** Titled Tuesday Blitz"]
[Site "Chess.com"]
[Date "2020.04.07"]
[Round "5"]
[White "Philosopherrr"]
[Black "LikeWater"]
[Result "1-0"]
[WhiteElo "2425"]
[BlackElo "2681"]
[TimeControl "180+1"]
[EndTime "13:57:15 PDT"]
[Termination "Philosopherrr won on time"]

1. e4 c5 2. Nf3 e6 3. d4 cxd4 4. Nxd4 Nc6 5. Nc3 Qc7 6. g3 a6 7. Bg2 Nge7 8. O-O Nxd4 9. Qxd4 Nc6 10. Qd1 Bc5 11. Qg4 O-O 12. Bf4 Ne5 13. Qh5 f6 14.
Rad1 b5 15. Nb1 Bb7 16. Nd2 d6 17. Nb3 Bb6 18. c3 Nc4 19. Qe2 Rfe8 20. Bc1 Rad8 21. Nd4 d5 22. exd5 Bxd5 23. Bxd5 exd5 24. Qh5 Qf7 25. Qxf7+ Kxf7 26. Kg2 g6 27. Nc6 Rd6 28.
Nb4 a5 29. Nd3 d4 30. Bf4 Rd5 31. b3 Ne5 32. Bxe5 fxe5 33. c4 bxc4 34. bxc4 Rdd8 35.
f3 Rc8 36. Rfe1 Kf6 37. Rb1 Bd8 38. Rec1 e4 39. fxe4 Rxe4 40. Nf4 g5 41. Nd5+ Kg6 42. Kf3 Re5 43. g4 h5 44. h3 h4 45. a4 d3 46.
Ne3 Be7 47. Rb6+ Kh7 48. Rb7 Kh8 49. Rd1 Rd8 50. Nd5 Rf8+ 51. Kg2 Re2+ 52. Kh1 Bc5 53. Nc3 Ref2 54. Ne4 Re2 55. Nxg5 1-0

[Event "*** Titled Tuesday Blitz"]
[Site "Chess.com"]
[Date "2020.04.07"]
[Round "5"]
[White "stefan_95"]
[Black "FeketeBarika"]
[Result "1-0"]
[WhiteElo "2636"]
[BlackElo "2279"]
[TimeControl "180+1"]
[EndTime "13:57:15 PDT"]
[Termination "stefan_95 won on time"]

1. d4 Nf6 2. Nf3 e6 3. e3 c5 4. Bd3 cxd4 5. exd4 b6 6. O-O Bb7 7. c4 Be7 8. Nc3 O-O 9. d5 Na6 10. Bf4 exd5 11. cxd5 d6 12. Re1 Nb4 13. Bc4 Rc8 14. Bb3 Re8 15. h3 Bf8 16. Qd2 Nd7 17. a3 Na6 18. Nb5 Ndc5 19. Bc2 Qf6 20. b4 Nd7 21. Nxa7 Ra8 22. Nc6 Bxc6 23. dxc6 Ne5 24. Ng5 Nc4 25. Qd3 g6 26. Qxc4 d5 27. Qxd5 Qxf4 28. Bb3 Rxe1+ 29. Rxe1 Nc7 30. Qxf7+ Qxf7 31. Nxf7 Kg7 32.
Nd6 Bxd6 33. Rd1 Rd8 34. a4 b5 35. axb5 Nxb5 36. Bc4 Nc3 37. Rd3 Na4 38. Rf3 Rf8 39. Rb3 Rb8 40. b5 Nb6 41. Be2 Kf6 42. Bg4 h5 43.
Bf3 Bc7 44. Ra3 Ke5 45. Re3+ Kd6 46. Be4 Kc5 47. Bxg6 Kxb5 48. Bxh5 Kxc6 49. Bf3+ Kd6 50. g3 Nc4 51. Rd3+ Ke7 52. Bd5 Nd6 53. h4 Rf8 54.
Kg2 Nf5 55. Bf3 Bd6 56. Rb3 Kf6 57. Rb6 Ke5 58. Rb5+ Kf6 59. h5 1-0

[Event "*** Titled Tuesday Blitz"]
[Site "Chess.com"]
[Date "2020.04.07"]
[Round "5"]
[White "Zavgorodniy_Serg"]
[Black "ChadaevNikolay"]
[Result "1-0"]
[WhiteElo "2702"]
[BlackElo "2897"]
[TimeControl "180+1"]
[EndTime "13:57:17 PDT"]
[Termination "Zavgorodniy_Serg won by resignation"]

1. e4 c5 2. Nf3 d6 3. c3 Nf6 4. Bc4 Nxe4 5. Qa4+ Nc6 6. Bxf7+ Kxf7 7. Qxe4 e5 8. d4 cxd4 9. cxd4 d5 10. Nxe5+ Nxe5 11. Qxe5 Bb4+ 12. Kf1 Re8 13. Qh5+ Kg8 14. Nc3 g6 15.
Qf3 Bf5 16. Bd2 Kg7 17. h3 Qd7 18. Kg1 Rf8 19. Bf4 Be4 20. Nxe4 dxe4 21. Qxe4 Bd6 22.
Be5+ Bxe5 23. dxe5 Qd2 24. Rf1 Rae8 25. f4 Qxb2 26. h4 Qxa2 27. h5 Qf7 28. Rh3 b6 29. Rg3 Qf5 30. Qe3 Qxh5 31. Rc1 Qf5 32. Rc7+ Rf7 33.
Rxf7+ Qxf7 34. Qe4 Rf8 35. Rf3 Qe6 36. Kh2 Rf7 37. g4 Qxg4 38. e6 Rf5 39. Qd4+ Kh6 40. Rh3+ Rh5 41. Rxh5+ Qxh5+ 42. Kg3 Qe2 43. f5 Qe1+ 44. Kf4 Qh4+ 45. Ke5 Qxd4+ 46. Kxd4 Kg7 47. Kd5 gxf5 48. Kd6 f4 49. e7 f3 50. e8=Q f2 51. Qe2 Kf6 52. Qxf2+ Kg5 53. Ke5 h5 54. Qg3+ Kh6 55. Kf6 1-0

[Event "*** Titled Tuesday Blitz"]
[Site "Chess.com"]
[Date "2020.04.07"]
[Round "5"]
[White "diskeleven"]
[Black "levallem"]
[Result "1-0"]
[WhiteElo "2363"]
[BlackElo "2113"]
[TimeControl "180+1"]
[EndTime "13:57:17 PDT"]
[Termination "diskeleven won by resignation"]

1. d4 d5 2. c4 c6 3. Nf3 Nf6 4. e3 Bg4 5. h3 Bxf3 6. Qxf3 e6 7. Nc3 Nbd7 8. cxd5 cxd5 9. Bd3 a6 10. O-O Bd6 11. Qe2 O-O 12. Bd2 Rc8 13. f4 g6 14. Be1 Qb6 15. Bh4 Rc7 16. Rab1 Rfc8 17. Kh1 Qa7 18. Nd1 Ne4 19. Bxe4 dxe4 20. Be1 f5 21. Nc3 Nf6 22.
g4 Nd5 23. gxf5 Nxc3 24. Bxc3 exf5 25. Rg1 b5 26. d5 Rxc3 27. bxc3 Rxc3 28. Rb3 Qc7 29.
Qd2 b4 30. Qd4 Rc4 31. Qf6 Be7 32. Qxf5 Rc2 33. Qxe4 Rxa2 34. Qe6+ Kg7 35. Qe5+ Qxe5 36. fxe5 a5 37. d6 Bd8 38. Rf1 Rd2 39. Rf4 g5 40.
Rd4 Re2 41. e6 Kf6 42. e7 Bxe7 43. dxe7 Kxe7 44. Rd5 Re1+ 45. Kg2 Ra1 46. Kf3 Kf6 47. Ke4 h5 48. Rb2 Ra3 49. Rf2+ Ke6 50. Rxg5 b3 51. Rxh5 Ra4+ 52. Kd3 Rb4 53. Kc3 Rb6 54. Rh6+ Ke5 55. Rxb6 b2 56. Rbxb2 a4 57. Ra2 Ke4 58. Ra3 Kxe3 59.
Rfa2 Ke4 60. Rxa4+ Ke3 1-0

[Event "*** Titled Tuesday Blitz"]
[Site "Chess.com"]
[Date "2020.04.07"]
[Round "5"]
[White "AlleyOoper"]
[Black "reigningmvp"]
[Result "1-0"]
[WhiteElo "2498"]
[BlackElo "2272"]
[TimeControl "180+1"]
[EndTime "13:57:17 PDT"]
[Termination "AlleyOoper won by resignation"]

1. d4 Nf6 2. Bf4 d5 3. e3 c5 4. Nf3 Nc6 5. Nbd2 cxd4 6. exd4 Bf5 7. c3 e6 8. Be2 Bd6 9. Bxd6 Qxd6 10. Nh4 Be4 11.
Nxe4 Nxe4 12. Nf3 O-O 13. O-O Rac8 14. Bd3 f5 15. Qe2 Rf6 16. Ne5 Nxe5 17. dxe5 Qxe5 18. f3 Rh6 19. g3 a6 20. fxe4 dxe4 21. Bc2 g5 22.
Rae1 Qa5 23. Bb3 Qb6+ 24. Qf2 Rc5 25. Qd4 Qc7 26. Rd1 b5 27. Qd8+ Qxd8 28. Rxd8+ Kf7 29. Rfd1 f4 30. R1d6 f3 31. R8d7+ Kf8 32. Rxa6 Rc8 33. Raa7 Kg8 34. Rg7+ Kh8 35. Rge7 e3 36. h4 gxh4 37. g4 e2 38. Kf2 h3 39. Bc2 h2 40. Rxh7+ Rxh7 41. Rxh7+ Kg8 42. Rxh2 Rf8 43. Rh1 e5 44. Be4 Rf4 45.
Bxf3 e4 46. Kxe2 exf3+ 47. Kf2 Rxg4 48. Rg1 Rxg1 49. Kxg1 Kf7 50. Kf2 Ke6 51. Kxf3 Kd5 52. Ke3 Kc4 53. Kd2 Kc5 54. Kd3 Kd5 55. b3 Kc5 56.
b4+ Kc6 57. c4 Kb6 58. c5+ Kc6 59. Kd4 Kc7 60. Kd5 Kd7 61. c6+ Kc7 62. Kc5 Kc8 63. Kxb5 Kc7 64. Kc5 Kc8 65. Kb6 Kb8 66. c7+ Kc8 67.
b5 Kd7 68. Kb7 1-0

[Event "*** Titled Tuesday Blitz"]
[Site "Chess.com"]
[Date "2020.04.07"]
[Round "5"]
[White "Sajkochess"]
[Black "tteshan"]
[Result "0-1"]
[WhiteElo "2341"]
[BlackElo "2205"]
[TimeControl "180+1"]
[EndTime "13:57:18 PDT"]
[Termination "tteshan won by resignation"]

1. e4 c5 2. Nf3 d6 3. d4 cxd4 4. Nxd4 Nf6 5. Nc3 a6 6. g3 g6 7. Bg2 Bg7 8. O-O O-O 9. h3 Nc6 10. Nde2 Bd7 11. Be3 Rc8 12. Rc1 b5 13. Nd5 Nxd5 14.
exd5 Ne5 15. b3 f5 16. f4 Nf7 17. Bd4 e5 18. dxe6 Bxe6 19. Bxg7 Kxg7 20. Nd4 Re8 21. Nxe6+ Rxe6 22. Qd4+ Qf6 23. Qxf6+ Kxf6 24. Rf2 Rc3 25. Kh2 Ree3 26. g4 Nd8 27. Rd1 Ke7 28.
Rfd2 Ne6 29. Rxd6 Rxc2 30. Rd7+ Ke8 31. R1d2 Rxd2 32. Rxd2 Nxf4 33. gxf5 gxf5 34. Rf2 Nxg2 35. Kxg2 Re5 36. Kf3 Ke7 37. Kf4 Kf6 38. Rc2 Re4+ 39. Kf3 Re6 40. Rc8 Rd6 41. Ke3 Ke5 42. Rh8 h6 43. Re8+ Re6 44. Ra8 f4+ 45. Kf3 Rf6 46. Re8+ Kf5 47. Rc8 Kg5 48. Rc5+ Kh4 49. Rc6 Rxc6 50.
Kxf4 0-1

[Event "*** Titled Tuesday Blitz"]
[Site "Chess.com"]
[Date "2020.04.07"]
[Round "5"]
[White "zivicd"]
[Black "Kaua18"]
[Result "0-1"]
[WhiteElo "2304"]
[BlackElo "2176"]
[TimeControl "180+1"]
[EndTime "13:57:18 PDT"]
[Termination "Kaua18 won on time"]

1. e4 c5 2. Nc3 Nc6 3. g3 g6 4. d3 Bg7 5. Be3 d6 6. Bg2 Bd7 7. Qd2 Rb8 8. Nge2 b5 9. a3 a5 10. O-O b4 11. axb4 axb4 12. Nd1 Nd4 13. h3 h5 14. f4 Qc8 15. Kh2 Nh6 16. Ra7 h4 17.
g4 Bxg4 18. hxg4 Nxg4+ 19. Kh1 h3 20. Bf3 Nxf3 21. Rxf3 Ra8 22. Rxa8 Qxa8 23. f5 gxf5 24. Rxf5 e6 25. Rf1 f5 26. Ng3 Nxe3 27. Qxe3 Bd4 28.
Qf3 Be5 29. exf5 Qxf3+ 30. Rxf3 Bxg3 31. Rxg3 exf5 32. Rf3 Rh5 33. Ne3 Kd7 34. Nxf5 Rh8 35. Kh2 b3 36. c3 Ke6 37. Ng3 d5 38. Re3+ Kd6 39. Nf5+ Kc6 40. Re6+ Kc7 41. Re7+ Kc6 42. Re6+ Kc7 43. Re5 Kc6 44. d4 cxd4 45. Nxd4+ Kd6 46. Re3 Ra8 47. Rf3 Ra2 48. Kxh3 Rxb2 49. Nf5+ Ke5 50.
Nd4 Ke4 0-1

[Event "*** Titled Tuesday Blitz"]
[Site "Chess.com"]
[Date "2020.04.07"]
[Round "5"]
[White "NewBornNow"]
[Black "HansCoolNiemann"]
[Result "1-0"]
[WhiteElo "2657"]
[BlackElo "2912"]
[TimeControl "180+1"]
[EndTime "13:57:19 PDT"]
[Termination "NewBornNow won by resignation"]

1. e4 g6 2. d4 Bg7 3. Nf3 c6 4. c4 d5 5. cxd5 cxd5 6. e5 Nc6 7. Nc3 Bg4 8. Be2 e6 9. h3 Bxf3 10. Bxf3 Qb6 11. Ne2 Nge7 12. g4 h5 13. Kf1 hxg4 14. hxg4 O-O-O 15. Rxh8 Rxh8 16. Kg2 f6 17. exf6 Bxf6 18.
Be3 Qc7 19. Ng3 Qb6 20. Rc1 Qxb2 21. g5 Bg7 22. Bg4 Kb8 23. Bxe6 Bxd4 24. Rb1 Qxa2 25. Bxd4 Rf8 26. Bc5 Qc4 27. Qb3 Qxb3 28. Rxb3 Rd8 29. Rf3 d4 30. Rf7 Nd5 31. Ne4 Nc7 32.
Bd6 Rxd6 33. Nxd6 Nxe6 34. Rxb7+ Ka8 35. Rh7 Nxg5 36. Rh8+ Nb8 37. Rg8 Ne6 38. Kf3 g5 39.
Ke4 a5 40. Ke5 d3 41. Ne4 Nc7 42. Kd4 Kb7 43. Kxd3 Nc6 44. Rxg5 Kb6 45. f4 Ne6 46. Rf5 Kc7 47. Rf6 Kd7 48. f5 Ne5+ 49. Kc3 Nc7 50. Rd6+ Ke7 51. f6+ Kf7 52. Kd4 Nf3+ 53. Ke3 Ne5 54. Kf4 Ng6+ 55. Kf5 Nf8 56. Ng5+ Ke8 57. Rc6 Kd7 58. Rxc7+ Kxc7 59. Ne6+ 1-0

[Event "*** Titled Tuesday Blitz"]
[Site "Chess.com"]
[Date "2020.04.07"]
[Round "5"]
[White "ftorodent"]
[Black "bascheyaro"]
[Result "0-1"]
[WhiteElo "2555"]
[BlackElo "2760"]
[TimeControl "180+1"]
[EndTime "13:57:19 PDT"]
[Termination "bascheyaro won on time"]

1. d4 d5 2. c4 c6 3. cxd5 cxd5 4. Bf4 Nc6 5. e3 Nf6 6. Nc3 Qb6 7. Bd3 Bg4 8. f3 Bh5 9. Nge2 e6 10. O-O Be7 11. Nb5 Rc8 12. Rc1 O-O 13. a3 a6 14.
Nd6 Rcd8 15. g4 Bg6 16. Nf5 exf5 17. gxf5 Bh5 18. Ng3 Nxd4 19. Bc7 Nxf3+ 20. Qxf3 Qxc7 21. Rxc7 Bxf3 22. Rxf3 Rd7 23. Rxd7 Nxd7 24. Rf4 Bg5 25. Rb4 Bxe3+ 26. Kg2 b5 27. a4 Nc5 28. Bc2 bxa4 29.
Bxa4 a5 30. Rg4 Rb8 31. b3 Nxb3 32. Nh5 g6 33. Nf6+ Kg7 34. Nxd5 Nc5 35. f6+ Kg8 36.
Nxe3 Rb6 37. Nd5 Rd6 38. Rd4 Kf8 39. Bc2 Nd7 40. Rd1 Nxf6 41. Nxf6 Rxf6 42. Rd7 Rc6 43.
Bb3 Rf6 44. Bd5 Rf5 45. Bc4 h5 46. Bd5 Kg7 47. Bc4 a4 48. Ra7 Rf4 49. Rxa4 Kh6 50.
Bb3 Rf5 51. Ra7 f6 52. Rb7 h4 53. Bc2 Rc5 54. Be4 f5 55. Bf3 Rc2+ 0-1

[Event "*** Titled Tuesday Blitz"]
[Site "Chess.com"]
[Date "2020.04.07"]
[Round "5"]
[White "ChessBitl"]
[Black "Chigorinetz"]
[Result "0-1"]
[WhiteElo "2318"]
[BlackElo "2511"]
[TimeControl "180+1"]
[EndTime "13:57:20 PDT"]
[Termination "Chigorinetz won by resignation"]

1. e4 c5 2. Nf3 Nc6 3. d4 cxd4 4.
Nxd4 g6 5. c4 Bg7 6. Be3 Nf6 7.
Nc3 Ng4 8. Qxg4 Nxd4 9. Qd1 Ne6 10. f3 Bxc3+ 11. bxc3 Qa5 12. Qd2 d6 13. Be2 Bd7 14. O-O Rc8 15. Rab1 b6 16. f4 f6 17. f5 Nc5 18. Qd4 Bc6 19. Bf3 Nd7 20. fxg6 hxg6 21. Bg4 Qe5 22. Qxe5 fxe5 23. Bf3 Nf6 24. a4 Bxe4 25. Bxe4 Nxe4 26. a5 Rxc4 27. axb6 axb6 28. Rxb6 Kd7 29. Rb7+ Ke6 30. Ra1 Rxc3 31. Bc1 Rc2 32.
Bb2 Rf8 33. Raa7 Rf7 34. h3 g5 35. Ra4 Rff2 36. Rxe4 Rxg2+ 37. Kf1 Rcf2+ 38. Ke1 Rxb2 39. Rxb2 Rxb2 40. Ra4 d5 41. h4 gxh4 42. Rxh4 d4 43. Kd1 Kd5 44. Kc1 Rg2 45. Rh7 e4 46. Kd1 e3 47.
Rxe7 Kc4 48. Ra7 Kd3 49. Ra3+ Ke4 50. Ra8 Rg1+ 51. Kc2 d3+ 52. Kc3 d2 53. Re8+ Kf4 54. Rf8+ Ke5 55. Re8+ Kf6 0-1

[Event "*** Titled Tuesday Blitz"]
[Site "Chess.com"]
[Date "2020.04.07"]
[Round "5"]
[White "aa175"]
[Black "Qvalda"]
[Result "1-0"]
[WhiteElo "2257"]
[BlackElo "2383"]
[TimeControl "180+1"]
[EndTime "13:57:21 PDT"]
[Termination "aa175 won by resignation"]

1. d4 g6 2. Bf4 Bg7 3. e3 d6 4. Nf3 Nd7 5. Bc4 e6 6. O-O Ne7 7. Nbd2 O-O 8. h3 e5 9. Bg3 Nf5 10. dxe5 Nxg3 11. fxg3 Nxe5 12. Nxe5 Bxe5 13. c3 Qg5 14.
Qf3 Qxg3 15. Bxf7+ Kg7 16. Qxg3 Bxg3 17. Bd5 c6 18. Rxf8 Kxf8 19. Rf1+ Ke8 20. Bg8 Bf5 21. Bxh7 d5 22. Rf3 Be5 23. g4 Bc2 24. e4 d4 25.
Bxg6+ Ke7 26. Rf7+ Ke6 27. Nf3 dxc3 28. bxc3 Bxc3 29. Ng5+ Kd6 30. e5+ Bxe5 31. Bxc2 Bd4+ 32. Kg2 Re8 33. Ne4+ Kd5 34. Rd7+ Kc4 35. Nd6+ Kc3 36. Nxe8 c5 37. Bf5 b5 38. h4 b4 39. Rxd4 a6 40. Rc4+ Kxc4 41. h5 a5 42. h6 b3 43. axb3+ Kb4 44.
h7 c4 45. h8=Q c3 46. Qd4+ Ka3 47. Qxc3 Ka2 48. Qc2+ Ka3 49. Be4 Kb4 50. Nd6 a4 51.
Kf3 Ka3 52. Qc4 axb3 53. Nb5+ Kb2 54. Qc3+ Ka2 55. Qa5+ Kb2 56. Qd2+ Ka1 57. Qc1+ Ka2 58. Bb1+ Ka1 59. Bc2+ Ka2 60. Bxb3+ Kxb3 61. Nd4+ Kb4 62.
Nf5 Kb5 63. Kf4 Ka6 64. g5 Kb5 65. g6 1-0

[Event "*** Titled Tuesday Blitz"]
[Site "Chess.com"]
[Date "2020.04.07"]
[Round "5"]
[White "Vaathi_Coming"]
[Black "SavelijTartakover"]
[Result "1-0"]
[WhiteElo "2845"]
[BlackElo "2624"]
[TimeControl "180+1"]
[EndTime "13:57:22 PDT"]
[Termination "Vaathi_Coming won on time"]

1. e4 e6 2. d4 d5 3. e5 c5 4. c3 Nc6 5. Nf3 Qb6 6. Bd3 cxd4 7.
cxd4 Bd7 8. O-O Nxd4 9. Nbd2 Nc6 10. Nb3 Nge7 11. Be3 Qd8 12. Nc5 Bc8 13. Rc1 Ng6 14. Bb5 Bxc5 15. Bxc5 Bd7 16. Bxc6 Bxc6 17. Qd4 f5 18. h4 h6 19. h5 Ne7 20. Nh4 Kf7 21. Bxe7 Qxe7 22. Ng6 Qd8 23. Nxh8+ Qxh8 24. b4 Qe8 25. b5 Bxb5 26. Rc7+ Kg8 27. Rxb7 Bxf1 28. Kxf1 Qc6 29. Qb2 Kh7 30. Kg1 Rc8 31. Rxa7 Qc1+ 32.
Qxc1 Rxc1+ 33. Kh2 Re1 34. f4 Re4 35. Kg3 d4 36. Ra3 Re2 37. Kf3 Rc2 38. Ra6 d3 39.
Rxe6 Rxa2 40. Rd6 Ra3 41. Ke3 Ra2 42. g3 Rg2 43. Rxd3 Rxg3+ 44. Kd4 Rg4 45. e6 Rxf4+ 46. Ke5 Rf1 47. Re3 Kg8 48. Kd6 Rd1+ 49. Ke7 f4 50. Ra3 Rf1 51. Ra8+ Kh7 52. Kf7 f3 53. e7 Re1 54.
e8=Q Rxe8 55. Kxe8 g6 56. Ra7+ 1-0

[Event "*** Titled Tuesday Blitz"]
[Site "Chess.com"]
[Date "2020.04.07"]
[Round "5"]
[White "dmvlad"]
[Black "ADODOVE"]
[Result "1-0"]
[WhiteElo "2309"]
[BlackElo "1830"]
[TimeControl "180+1"]
[EndTime "13:57:23 PDT"]
[Termination "dmvlad won by checkmate"]

1. e4 e5 2. Nf3 Nc6 3. Bb5 a6 4.
Ba4 Nf6 5. Qe2 Be7 6. O-O b5 7. Bb3 d6 8. a4 Bg4 9. axb5 axb5 10. Rxa8 Qxa8 11. c3 O-O 12. h3 Bxf3 13. Qxf3 Na5 14.
Bc2 Nc4 15. d3 Nb6 16. Nd2 Nfd7 17. Rd1 f5 18. Bb3+ Kh8 19. exf5 Qxf3 20. Nxf3 Nc5 21.
Bc2 Ncd7 22. d4 exd4 23. Nxd4 Bf6 24. Nxb5 Rc8 25. g4 h6 26. Kg2 Ne5 27. Bf4 Nec4 28. Bc1 Be5 29. b3 Na5 30. c4 Nc6 31. Be4 Nb4 32.
f4 Bf6 33. Ba3 Na6 34. Bb7 Rb8 35. Bxa6 Ra8 36. Nxc7 Ra7 37. Bxd6 Bd8 38. Ne6 Bf6 39. Nc5 Nd7 40. Nxd7 Rxa6 41. Nxf6 Ra2+ 42. Kf3 gxf6 43. Rd3 Kg7 44. c5 Rc2 45. b4 Kf7 46. b5 Ke8 47. b6 Kd8 48. b7 Rb2 49. b8=Q+ Rxb8 50. Bxb8+ Kc8 51. Bd6 Kb7 52. Be7 Kc6 53. Bxf6 Kb5 54. Ke4 Kxc5 55. Rc3+ Kb5 56. Kd5 Kb4 57. Bd4 Kb5 58.
Rb3+ Ka4 59. Kc4 Ka5 60. Bc5 Ka6 61. f6 Ka5 62. Ra3# 1-0

[Event "*** Titled Tuesday Blitz"]
[Site "Chess.com"]
[Date "2020.04.07"]
[Round "5"]
[White "lucasran"]
[Black "matiss90"]
[Result "0-1"]
[WhiteElo "2689"]
[BlackElo "2530"]
[TimeControl "180+1"]
[EndTime "13:57:24 PDT"]
[Termination "matiss90 won by checkmate"]

1. Nf3 Nf6 2. c4 g6 3. Nc3 Bg7 4. d4 O-O 5. Bg5 d6 6. e3 h6 7. Bh4 Nc6 8. Be2 e5 9. dxe5 dxe5 10.
Qxd8 Rxd8 11. Nd5 Nxd5 12. Bxd8 Ndb4 13. O-O-O Bf5 14. Bxc7 Nxa2+ 15. Kd2 Rc8 16. Bd6 e4 17. Nh4 Be6 18. g4 Bxb2 19. Rb1 Bf6 20. Ng2 b6 21. Kc2 Nc3 22. Rbe1 Nxe2 23. Rxe2 Bxc4 24. Ree1 Bd3+ 25. Kd2 Na5 26. Rb1 Bc3+ 27. Kd1 Bxb1 28. Ba3 g5 29. h4 Bd3 30. hxg5 hxg5 31. Ne1 Bxe1 32. Kxe1 Nc4 33. Bb4 Nxe3 34. Kd2 Nxg4 35. Rg1 Rc2+ 36. Kd1 Nxf2+ 37. Ke1 Re2+ 38. Kf1 Rb2+ 39. Ke1 f6 40. Bc3 Rc2 41. Bd4 Nh3 42. Rg3 Nf4 43. Bxf6 Ne6 44.
Bxg5 Nxg5 45. Rxg5+ Kf7 46. Rh5 b5 47. Rh7+ Ke6 48.
Rxa7 Kd5 49. Rb7 Kc4 50. Kd1 b4 51. Rc7+ Kb3 52. Rb7 Kc3 53. Rc7+ Kb2 54. Rb7 b3 55. Ra7 e3 56. Re7 Rc1# 0-1

[Event "*** Titled Tuesday Blitz"]
[Site "Chess.com"]
[Date "2020.04.07"]
[Round "5"]
[White "steepedgames"]
[Black "Alonmindlin"]
[Result "1-0"]
[WhiteElo "2452"]
[BlackElo "2655"]
[TimeControl "180+1"]
[EndTime "13:57:24 PDT"]
[Termination "steepedgames won by resignation"]

1. d4 Nf6 2. Nf3 e6 3. Bg5 Be7 4. Nbd2 d5 5. e3 Nbd7 6. Bd3 b6 7. a4 Bb7 8. a5 c5 9. axb6 axb6 10. Bb5 h6 11. Bh4 O-O 12. O-O Qc7 13. c3 Bc6 14. Qe2 Qb7 15. Ne5 Rxa1 16. Rxa1 Bxb5 17. Qxb5 g5 18. Bg3 Nxe5 19. Bxe5 Nd7 20. Bg3 h5 21. h3 h4 22. Bh2 Rc8 23. Ra6 Bd8 24. Nb3 c4 25. Nd2 Kf8 26. Bd6+ Ke8 27. Nf3 f6 28. Kf1 Ra8 29. Rxa8 Qxa8 30. Ba3 Be7 31. Bxe7 Kxe7 32. Nd2 f5 33. Ke2 g4 34. Qb4+ Kf6 35. Qd6 gxh3 36. gxh3 Qe8 37. Nf3 b5 38. Ne5 Nxe5 39. Qxe5+ Ke7 40.
Qg7+ Kd6 41. Qg5 Qe7 42. Qf4+ Kc6 43. f3 b4 44. Kf2 Kb5 45. e4 Ka4 46. exf5 exf5 47.
Qxf5 Kb3 48. Qxd5 Kxb2 49. Qxc4 bxc3 50. Qb5+ Kc2 51. d5 Qa7+ 52. Ke2 Qe7+ 53. Kf2 Kd2 54. d6 Qe3+ 55. Kg2 c2 56. d7 Qd4 57. Qa5+ Kd1 58. d8=Q Qxd8 59. Qxd8+ Ke2 60. Qe7+ 1-0

[Event "*** Titled Tuesday Blitz"]
[Site "Chess.com"]
[Date "2020.04.07"]
[Round "5"]
[White "Jeffinho023"]
[Black "Leonid_Starozhilov"]
[Result "1-0"]
[WhiteElo "2457"]
[BlackElo "2659"]
[TimeControl "180+1"]
[EndTime "13:57:24 PDT"]
[Termination "Jeffinho023 won on time"]

1. d4 Nf6 2. Nf3 g6 3. g3 Bg7 4. Bg2 O-O 5. O-O d6 6. c4 c6 7. Nc3 Bf5 8. Re1 Ne4 9. Bd2 Nxc3 10. Bxc3 Be4 11. Bh3 Bxf3 12. exf3 e6 13. f4 d5 14. b3 Nd7 15. Qe2 Re8 16. Red1 Rc8 17. Rac1 a6 18. a4 Qb6 19. Qa2 h5 20. Bg2 Nf6 21. h4 Ng4 22. c5 Qc7 23. b4 Ra8 24.
Qe2 Nh6 25. Bh3 Nf5 26. Qd3 Qd7 27. Ra1 Bf6 28. Re1 Kg7 29. a5 Re7 30. Re2 Rae8 31. Rae1 Kg8 32. Bxf5 exf5 33. Rxe7 Bxe7 34. Re3 Rd8 35.
Qe2 Bf6 36. Kg2 Kg7 37. Qe1 Rg8 38. Qe2 Bd8 39. Re5 f6 40. Re6 Kf7 41. Re3 Bc7 42. Bd2 Rh8 43. Qe1 g5 44. fxg5 f4 45. Rf3 fxg5 46.
hxg5 h4 47. Bxf4 Bxf4 48. Rxf4+ Kg6 49. gxh4 Re8 50. Qb1+ Kg7 51. Qf5 Re6 52. Qg4 Re5 53. Qxd7+ 1-0

[Event "*** Titled Tuesday Blitz"]
[Site "Chess.com"]
[Date "2020.04.07"]
[Round "5"]
[White "Supelyel"]
[Black "aquaticpineapples"]
[Result "1-0"]
[WhiteElo "2377"]
[BlackElo "2236"]
[TimeControl "180+1"]
[EndTime "13:57:24 PDT"]
[Termination "Supelyel won by checkmate"]

1. c4 e6 2. Nc3 d5 3. cxd5 exd5 4.
d4 Nf6 5. Bg5 Be7 6. Qc2 O-O 7.
e3 Na6 8. a3 c6 9. Bd3 Nc7 10.
Nf3 h6 11. Bf4 Re8 12. Ne5 Ne6 13. Bg3 c5 14. dxc5 Nxc5 15. Be2 Be6 16. O-O d4 17.
exd4 Qxd4 18. Nb5 Qd8 19. Rfd1 Bb3 20. Rxd8 Bxc2 21. Rxe8+ Rxe8 22. Rc1 Be4 23. Nxa7 Bd6 24. Nf3 Bxg3 25. hxg3 Nd3 26. Bxd3 Bxd3 27. Nc8 Rd8 28. Nb6 Rd6 29. Na4 Bb5 30. Nc3 Bc6 31. Rd1 Rxd1+ 32. Nxd1 Ne4 33. Kf1 Bb5+ 34. Ke1 Kf8 35. Nc3 Nxc3 36.
bxc3 Ke7 37. Nd4 Bc4 38. g4 Bd5 39. g3 Kd6 40. Kd2 Kc5 41. Kd3 g6 42. Nc2 Bf3 43.
Ne3 b6 44. c4 g5 45. Kc3 Be2 46. Nf5 Bxg4 47. Nxh6 Be6 48. Ng8 Bxc4 49. Nf6 Kb5 50. Ne4 g4 51. Nd6+ Kc5 52. Nxc4 b5 53.
Nd2 f5 54. Nb3+ Kd5 55. Nd4 Ke4 56. Nxb5 Kf3 57. Nd4+ Kxf2 58. Nxf5 Kf3 59. a4 Ke4 60. Nh6 Kf3 61. Nxg4 Kxg4 62. a5 Kxg3 63. a6 Kf4 64. a7 Kf5 65. a8=Q Ke6 66. Qa5 Kd7 67. Qb6 Kc8 68.
Qa7 Kd8 69. Kd4 Ke8 70. Ke5 Kf8 71. Kf6 Kg8 72. Qg7# 1-0

[Event "*** Titled Tuesday Blitz"]
[Site "Chess.com"]
[Date "2020.04.07"]
[Round "5"]
[White "guillembaches"]
[Black "Schachspielerr"]
[Result "0-1"]
[WhiteElo "2451"]
[BlackElo "2710"]
[TimeControl "180+1"]
[EndTime "13:57:25 PDT"]
[Termination "Schachspielerr won on time"]

1. e4 c5 2. Nf3 e6 3. g3 a6 4. Bg2 Nc6 5. O-O Nf6 6. Qe2 d5 7.
exd5 Nxd5 8. Nc3 Nxc3 9. dxc3 Be7 10. Rd1 Qb6 11. Ne5 Nxe5 12. Qxe5 O-O 13. a4 Bf6 14. Qd6 Qxd6 15. Rxd6 Be5 16. Rd1 Rb8 17. a5 b6 18. Be3 Bc7 19. axb6 Rxb6 20. Bxc5 Rxb2 21. Bxf8 Kxf8 22. Be4 Ke7 23. Bd3 a5 24. Rdb1 Rxb1+ 25. Rxb1 Kd6 26. Bb5 Kc5 27. Ba4 Ba6 28. Rd1 Bb5 29. Bb3 a4 30. Ba2 Be5 31. Rd8 Bxc3 32.
Rc8+ Kb4 33. Rc7 Bf6 34. Rxf7 Kc5 35. Bxe6 Kd4 36. Rb7 Bc6 37. Rb1 Kc3 38. Bf5 g6 39. Bd3 Bd5 40. Ra1 Kb4 41. Rb1+ Kc3 42. Rb8 a3 43.
Rb5 a2 44. Ra5 Kd2 45. c4 a1=Q+ 46. Rxa1 Bxa1 47. cxd5 Kxd3 48. Kg2 Ke4 49. f4 Kxd5 50. Kf3 Bf6 51. Kg4 Ke4 52. h4 h5+ 53. Kh3 Kf3 54. Kh2 Kg4 55. Kg2 Be7 56. Kf2 Bxh4 57. Kg2 Bxg3 0-1

[Event "*** Titled Tuesday Blitz"]
[Site "Chess.com"]
[Date "2020.04.07"]
[Round "5"]
[White "praveenb2002"]
[Black "kuli4ik"]
[Result "1/2-1/2"]
[WhiteElo "2615"]
[BlackElo "2779"]
[TimeControl "180+1"]
[EndTime "13:57:26 PDT"]
[Termination "Game drawn by repetition"]

1. d4 g6 2. c4 Bg7 3. Nf3 d6 4. g3 Nd7 5. Bg2 e5 6. Nc3 Ne7 7. O-O O-O 8. e4 exd4 9. Nxd4 Nc6 10. Nde2 Nc5 11. Rb1 a5 12. Be3 Bg4 13. Qd2 Ne5 14.
b3 Nf3+ 15. Bxf3 Bxf3 16. Bxc5 dxc5 17. Qe3 Bxe2 18. Nxe2 Qe7 19. Nf4 c6 20. Rfd1 Rfd8 21.
Kg2 Bd4 22. Qf3 a4 23. Nd3 axb3 24. axb3 Ra2 25. Re1 Qf6 26. Re2 Rxe2 27. Qxe2 Ra8 28. e5 Qe6 29. Re1 b5 30. Nf4 Qf5 31. e6 fxe6 32. Nxe6 Re8 33. Qf3 Qxf3+ 34. Kxf3 h6 35. Re2 bxc4 36. Nxd4 Rf8+ 37. Kg2 cxd4 38. bxc4 Rd8 39. Kf3 Kf7 40. Ra2 Ke6 41. Ke4 c5 42. f4 h5 43. Kd3 Kf5 44. Ra5 Rc8 45. Ra6 Rb8 46. Rc6 Rb3+ 47. Kd2 Rb2+ 48. Kd3 Rb3+ 49. Kd2 Ke4 50. Re6+ Kf3 51. Rxg6 Rc3 52. f5 Ke4 53.
f6 Rf3 54. g4 hxg4 55. Rxg4+ Ke5 56. Rg5+ Ke4 57. Rg4+ Ke5 58. Rg5+ Ke4 59. Rg4+ 1/2-1/2